 Dungeon Crawl Stone Soup version 0.29.1-1-gd02db6906a (webtiles) character file.

Game seed: 15989533862559050990

364 MisterFreud the Covert (level 6, -7/47 HPs)
             Began as a Gnoll Wanderer on Sept 18, 2022.
             Mangled by a mummy (14 damage)
             ... in an ossuary.
             The game lasted 00:06:11 (3787 turns).

MisterFreud the Covert (Gnoll Wanderer)             Turns: 3787, Time: 00:06:12

Health: -7/47      AC:  4    Str: 16    XL:     6   Next: 67%
Magic:  9/9        EV: 13    Int: 20    God:
Gold:   41         SH:  0    Dex: 12    Spells: 9/9 levels left

rFire   . . .      SeeInvis .   a - +0 whip (elec)
rCold   . . .      Faith    .   (no shield)
rNeg    . . .      Spirit   .   f - +0 robe
rPois   .          Reflect  .   d - +1 helmet
rElec   .          Harm     .   (no cloak)
rCorr   .          Rampage  .   (no gloves)
Will    .....                   (no boots)
Stlth   ++++......              (no amulet)
HPRegen 0.15/turn               j - +6 ring of intelligence
MPRegen 0.11/turn               k - +6 ring of strength

@: no status effects
A: fangs 1, strong nose, distributed training
a: no special abilities


You were in an ossuary.
You visited 2 branches of the dungeon, and saw 6 of its levels.
You also visited: Ossuary.

You collected 255 gold pieces.
You spent 214 gold pieces at shops.

Inventory:

Hand Weapons
 a - a +0 whip of electrocution (weapon)
 b - a +0 sling
 t - a +2 dagger
Missiles
 y - a throwing net
Armour
 d - a +1 helmet (worn)
 f - a +0 robe (worn)
Jewellery
 j - a +6 ring of intelligence (left hand)
 k - a +6 ring of strength (right hand)
 l - a ring of protection from cold
 o - a ring of poison resistance
 q - a ring of protection from fire
 u - a ring of ice
 x - a +6 ring of intelligence
Scrolls
 e - 3 scrolls of blinking
 g - a scroll of immolation
 m - a scroll of enchant armour
 v - a scroll of teleportation
 z - a scroll of fear
Potions
 c - a potion of berserk rage
 h - 3 potions of lignification {unknown}
 i - 2 potions of invisibility {unknown}
 n - 2 potions of heal wounds
 p - 3 potions of attraction
 r - a potion of resistance {unknown}
 s - a potion of curing {unknown}


   Skills:
 + Level 3.3 Fighting
 + Level 2.1 Short Blades
 + Level 2.1 Long Blades
 + Level 2.1 Axes
 + Level 2.1 Maces & Flails
 + Level 2.1 Polearms
 + Level 2.1 Staves
 + Level 5.0 Ranged Weapons
 + Level 2.1 Throwing
 + Level 3.3 Armour
 + Level 5.0 Dodging
 + Level 8.1 Stealth
 + Level 2.1 Shields
 + Level 2.1 Unarmed Combat
 + Level 2.1 Spellcasting
 + Level 1.7 Conjurations
 + Level 1.7 Hexes
 + Level 1.7 Summonings
 + Level 1.7 Necromancy
 + Level 1.7 Translocations
 + Level 1.7 Transmutations
 + Level 1.7 Fire Magic
 + Level 1.7 Ice Magic
 + Level 1.7 Air Magic
 + Level 1.7 Earth Magic
 + Level 1.7 Poison Magic
 + Level 2.3 Invocations
 + Level 2.1 Evocations


You had 9 spell levels left.
You didn't know any spells.
Your spell library contained the following spells:

 Spells                   Type           Power      Damage    Failure   Level
 Freeze                   Ice            36%        1d6       8%          1
 Scorch                   Fire           18%        2d6       12%         2
 Frozen Ramparts          Ice            18%        1d3       22%         3
 Portal Projectile        Hex/Tloc       18%        N/A       22%         3
 Tukima's Dance           Hex            9%         N/A       22%         3
 Flame Wave               Conj/Fire      9%         2d6       58%         4
 Hailstorm                Conj/Ice       9%         3d4       58%         4
 Blade Hands              Tmut           4%         N/A       91%         5
 Summon Cactus Giant      Summ           4%         N/A       100%        6


Dungeon Overview and Level Annotations

Branches:
Dungeon (5/15)             Temple (1/1) D:4         Ossuary (1/1)

Altars:
Cheibriados
Dithmenos
Elyvilon
Fedhas
Kikubaaqudgha
Qazlal
Uskayaw
Wu Jian
Zin
The Shining One

Shops:
D:4 ?

Annotations:
D:4 2 runed translucent doors, sausages's ghost, amateur KoBr


Innate Abilities, Weirdness & Mutations

You have very sharp teeth.
Your uncanny sense of smell can sniff out nearby items.
Your experience applies equally to all skills.


Message History

You hit the mummy but do no damage.
A bullfrog zombie comes into view.
A mummy opens the door.
A wyvern zombie comes into view.
The bullfrog zombie moves out of view.
You barely miss the mummy. You punch the mummy, but do no damage.
The wyvern zombie barely misses you. The mummy completely misses you.
Found a metallic coppery potion.
The wyvern zombie closely misses you.
The wyvern zombie attacks as you move away!
The wyvern zombie bites you.
Found four items.
A wyvern zombie comes into view.
The wyvern zombie misses you.
The wyvern zombie attacks as you move away!
The wyvern zombie bites you.
Found three items.
There is an open door here.
As you read the scroll of teleportation, it crumbles to dust.
You feel strangely unstable. The wyvern zombie misses you.
The wyvern zombie barely misses you.
You see here a metallic coppery potion.
Your surroundings suddenly seem different.
Okay, then.
The killer bee zombie barely misses you.
There is an open door here.
As you read the scroll of teleportation, it crumbles to dust.
You feel strangely unstable.
You hit the mummy. Lightning courses through the mummy!
You destroy the mummy!
You miss the killer bee zombie.
The killer bee zombie barely misses you.
The killer bee zombie hits you.
* * * LOW HITPOINT WARNING * * *
You hit the killer bee zombie.
Lightning courses through the killer bee zombie!
The killer bee zombie is heavily damaged.
Your surroundings suddenly seem different.
A wyvern zombie and a mummy come into view.
Found seven items.
The wyvern zombie bites you.
* * * LOW HITPOINT WARNING * * *
The mummy hits you!
You die...

#.'~~~~~~.M
###~#####
#.'.#...#
###.'.∩.#
#.'.#..∩#
#.#####
+MZ.#
#Z#####
#####
+.#!??#
#@M!#
#.'???#
#!Z?'.#
+.#!?!#
#"??#.'.#
#.#####
##### ###
+.. #+#


You could see a mummy and a wyvern zombie.

Vanquished Creatures
  2 scorpions (D:4)
  A hound (D:5)
  An orc priest (D:4)
  4 mummies (Ossuary)
  5 adders
  2 worms
  3 dart slugs
  2 orcs (D:4)
  7 bats
  8 endoplasms
  3 giant cockroaches
  3 goblins
  8 hobgoblins
  2 jackals (D:3)
  3 quokkas
  8 ball pythons
  4 frilled lizards
  7 kobolds
  4 rats
77 creatures vanquished.

Vanquished Creatures (others)
  5 withered plants (Ossuary)
5 creatures vanquished.

Grand Total: 82 creatures vanquished

Notes
Turn   | Place    | Note
-------+----------+-------------------------------------------
     0 | D:1      | MisterFreud the Gnoll Wanderer began the quest for the Orb.
     0 | D:1      | MisterFreud set off with the following items: a +2 dagger,
                  | a potion of berserk rage, a +0 sling, a +0 helmet, a scroll
                  | of blinking, a +0 robe.
     0 | D:1      | Reached XP level 1. HP: 17/17 MP: 1/1
    95 | D:1      | Reached XP level 2. HP: 17/23 MP: 2/2
   457 | D:1      | Reached XP level 3. HP: 28/28 MP: 3/3
   811 | D:2      | Reached skill level 1 in Invocations
   935 | D:2      | Found a faded altar of an unknown god.
   974 | D:2      | Reached skill level 1 in Short Blades
   974 | D:2      | Reached skill level 1 in Long Blades
   974 | D:2      | Reached skill level 1 in Axes
   974 | D:2      | Reached skill level 1 in Maces & Flails
   974 | D:2      | Reached skill level 1 in Polearms
   974 | D:2      | Reached skill level 1 in Staves
   974 | D:2      | Reached skill level 1 in Throwing
   974 | D:2      | Reached skill level 1 in Shields
   974 | D:2      | Reached skill level 1 in Unarmed Combat
   974 | D:2      | Reached skill level 1 in Spellcasting
   974 | D:2      | Reached skill level 1 in Evocations
  1062 | D:2      | Reached XP level 4. HP: 15/34 MP: 5/5
  2016 | D:3      | Reached skill level 1 in Conjurations
  2016 | D:3      | Reached skill level 1 in Hexes
  2016 | D:3      | Reached skill level 1 in Summonings
  2016 | D:3      | Reached skill level 1 in Necromancy
  2016 | D:3      | Reached skill level 1 in Translocations
  2016 | D:3      | Reached skill level 1 in Transmutations
  2016 | D:3      | Reached skill level 1 in Fire Magic
  2016 | D:3      | Reached skill level 1 in Ice Magic
  2016 | D:3      | Reached skill level 1 in Air Magic
  2016 | D:3      | Reached skill level 1 in Earth Magic
  2016 | D:3      | Reached skill level 1 in Poison Magic
  2159 | D:3      | Found a hide-covered altar of Uskayaw.
  2941 | D:4      | Reached XP level 5. HP: 40/40 MP: 7/7
  2941 | D:4      | Found a runed translucent door.
  3007 | D:4      | Found Fibran's Magic Scroll Boutique.
  3010 | D:4      | Bought a scroll of teleportation for 39 gold pieces
  3010 | D:4      | Bought a scroll of teleportation for 39 gold pieces
  3010 | D:4      | Bought a scroll of blinking for 97 gold pieces
  3010 | D:4      | Bought a scroll of teleportation for 39 gold pieces
  3276 | D:4      | Found a staircase to the Ecumenical Temple.
  3286 | D:4      | Reached skill level 8 in Stealth
  3293 | Temple   | Entered the Ecumenical Temple
  3293 | Temple   | Found a transporter.
  3293 | Temple   | Found a transporter.
  3328 | Temple   | Found a transporter.
  3328 | Temple   | Found a transporter.
  3438 | D:4      | Reached skill level 5 in Ranged Weapons
  3438 | D:4      | Reached skill level 5 in Dodging
  3438 | D:4      | Reached XP level 6. HP: 37/47 MP: 7/9
  3587 | D:4      | Found a runed translucent door.
  3589 | D:4      | Noticed sausages's ghost (amateur KoBr)
  3687 | D:5      | Entered Level 5 of the Dungeon
  3714 | D:5      | Found a sand-covered staircase.
  3719 | Ossuary  | Entered an ossuary
  3787 | Ossuary  | Mangled by a mummy

Illustrated notes

Levels and vault maps discovered:
D:1:      minmay_arrival_loop, layout_basic
D:2:      layout_basic, hellmonk_ecumenical_altar_crossroads
D:3:      layout_basic, eat_drink_and_be_merry_uskayaw
D:4:      layout_cave_pools, minmay_temple_entry_mini_moons, serial_shops,
          kennysheep_mini, ebering_ghost_sewer_f
D:5:      layout_loops_ring, nicolae_yredelemnul_corpse_copse,
          mainiacjoe_overflow_catch_the_wave, enter_ossuary_2,
          minmay_misc_feat_doors, grunt_decor_cap, minivault_11
Temple:   hellmonk_temple_divided_pantheon
Ossuary:  ossuary_zaba_flooded

Skill      XL: |  1  2  3  4  5 |
---------------+----------------+-----
Invocations    | 1 2 |  2.3
Short Blades   | 1 2 |  2.1
Long Blades    | 1 2 |  2.1
Axes           | 1 2 |  2.1
Maces & Flails | 1 2 |  2.1
Polearms       | 1 2 |  2.1
Staves         | 1 2 |  2.1
Throwing       | 1 2 |  2.1
Shields        | 1 2 |  2.1
Unarmed Combat | 1 2 |  2.1
Spellcasting   | 1 2 |  2.1
Evocations     | 1 2 |  2.1
Conjurations   | 1 |  1.7
Hexes          | 1 |  1.7
Summonings     | 1 |  1.7
Necromancy     | 1 |  1.7
Translocations | 1 |  1.7
Transmutations | 1 |  1.7
Fire Magic     | 1 |  1.7
Ice Magic      | 1 |  1.7
Air Magic      | 1 |  1.7
Earth Magic    | 1 |  1.7
Poison Magic   | 1 |  1.7
Fighting       | 3 |  3.3
Armour         | 3 |  3.3
Stealth        | 8 |  8.1
Ranged Weapons | 5 |  5.0
Dodging        | 5 |  5.0

Action                   |  1- 3 |  4- 6 || total
-------------------------+-------+-------++-------
Melee: Dagger            |    19 |    11 ||    30
       Bite              |     1 |     6 ||     7
       Whip              |       |    32 ||    32
       Punch             |       |     3 ||     3
 Fire: Sling             |    79 |   188 ||   267
  Use: Scroll            |       |    10 ||    10
Armor: Robe              |     3 |    26 ||    29
Dodge: Dodged            |    28 |    96 ||   124
